 Dungeon Crawl Stone Soup version 0.13.0-17-g5f0e85f (webtiles) character file.

1384 HungrySpirit the Cleaver (level 8, -13/63 HPs)
             Began as a Hill Orc Gladiator on Oct 21, 2013.
             Was a Believer of Nemelex Xobeh.
             Mangled by an ogre
             ... wielding a +0,+0 giant spiked club
              (26 damage)
             ... on Level 6 of the Dungeon.
             The game lasted 00:18:16 (5648 turns).

HungrySpirit the Cleaver (Hill Orc Gladiator)       Turns: 5648, Time: 00:18:16

HP -13/63        AC 13     Str 20      XL: 8   Next: 29%
MP  12/12        EV  6     Int  8      God: Nemelex Xobeh [**....]
Gold 309         SH 10     Dex 14      Spells:  0 memorised,  7 levels left

Res.Fire  : . . .   See Invis. : .   e - -3,-1 orc war axe (curse)
Res.Cold  : . . .   Warding    : .   x - +0 chain mail
Life Prot.: . . .   Conserve   : .   j - +0 buckler
Res.Poison: .       Res.Corr.  : .   c - +0 orc helmet
Res.Elec. : .       Clarity    : .   v - +0 cloak
Sust.Abil.: . .     Spirit.Shd : .   u - +2 pair of gauntlets {Dex+3}
Res.Mut.  : .       Stasis     : .   (no boots)
Res.Rott. : .       Flight     : .   (no amulet)
Saprovore : + . .                    (no ring)
                                     (no ring)

@: slightly resistant to hostile enchantments, extremely unstealthy
A: saprovore 1
a: Draw One, Peek at Two, Renounce Religion


You were on level 6 of the Dungeon.
You worshipped Nemelex Xobeh.
Nemelex Xobeh was pleased with you.
You were not hungry.

You visited 2 branches of the dungeon, and saw 7 of its levels.

You collected 289 gold pieces.

Inventory:

Hand weapons
 e - a cursed -3,-1 orcish war axe (weapon)
 p - a +0,+0 orcish war axe
 y - a +0,+0 war axe
Missiles
 d - 3 throwing nets (quivered)
Armour
 c - a +0 orcish helmet (worn)
 j - a +0 buckler (worn)
 u - a +2 pair of gauntlets of dexterity (worn)
 v - a +0 cloak (worn)
 x - a +0 chain mail (worn)
Magical devices
 w - a wand of magic darts (9)
Comestibles
 f - 3 meat rations
 l - a pear
 m - 4 chunks of ogre flesh
 C - an apple
Scrolls
 i - a scroll of magic mapping
 n - a scroll of amnesia
 o - 5 scrolls of identify
 q - a scroll of curse armour
Potions
 a - a potion of cure mutation
 g - 4 potions of agility
 h - a potion of paralysis
 k - 5 potions of heal wounds
 r - a potion of poison {unknown}
 z - 4 potions of curing
 A - a potion of confusion
 B - a potion of berserk rage
Miscellaneous
 b - an ornate deck of summonings {drawn: 1}
 t - a plain deck of summonings {drawn: 2}
 D - a plain deck of destruction {drawn: 5}


   Skills:
 - Level 2.4 Fighting
 * Level 10.8 Axes
 - Level 2.0 Throwing
 - Level 2.4 Dodging
 - Level 3.3 Shields
 + Level 4.2 Evocations


You had 7 spell levels left.
You didn't know any spells.

Dungeon Overview and Level Annotations

Branches:
Dungeon (6/27)             Temple (1/1) D:4
    Orc: D:6-11

Altars:
Ashenzari
Cheibriados
Fedhas
Kikubaaqudgha
Nemelex Xobeh
Okawaru
Trog
Vehumet
Yredelemnul
Zin

Shops:
D:5 *

Annotations:
D:6 exclusion: statue


Innate Abilities, Weirdness & Mutations

You can tolerate rotten meat.


Message History

The ogre is moderately wounded.
Your chain mail prevents you from hitting the ogre.
The ogre is moderately wounded.
The ogre hits you with a giant spiked club!
Your chain mail prevents you from hitting the ogre.
The ogre is moderately wounded.
The ogre barely misses you.
Unknown command.
You hit the ogre.
The ogre is heavily wounded.
You slash the ogre!
The ogre is almost dead.
The ogre hits you with a giant spiked club!
* * * LOW HITPOINT WARNING * * *
You are too injured to fight recklessly!
You barely miss the ogre.
The ogre is almost dead.
The ogre hits you with a giant spiked club!
You die...
Your body disappears without a glow.

#######.#...#...#......######
#.#._.#.########.# #.#(..#.##
#.# #.# 8.#..## ###.### #.# .
#?..## #.....#
#.#####....###.....#
#...........##.....# #
#.[...###.....#
#.@...........#
#O#.######........ #.###
#.#####.# #. ... #. #... ..
..... #. ...... #. .... # .


You could see an ogre.

Vanquished Creatures
  3 ogres
  A centaur (D:5)
  Blork the orc (D:5)
  A vampire bat (D:3)
  A yellow wasp zombie (D:5)
  3 crimson imps
  An orc priest (D:4)
  A hound (D:5)
  5 orc wizards
  3 worker ants
  An ogre skeleton (D:4)
  Terence (D:3)
  A hound skeleton (D:5)
  A gnoll (D:1)
  5 adders
  2 worms
  3 oozes
  10 orcs
  2 spectral bats (D:3)
  A ball python (D:3)
  16 bats
  A bat simulacrum (D:3)
  5 bat skeletons
  A bat zombie (D:3)
  3 fire bats (D:3)
  3 giant cockroaches
  15 hobgoblins
  7 jackals
  5 kobolds
  2 quokkas
  A giant cockroach zombie (D:5)
  4 giant geckos
  6 giant newts
  A giant newt skeleton (D:5)
  13 goblins
  A goblin skeleton (D:5)
  5 rats
136 creatures vanquished.

Vanquished Creatures (others)
  A giant frog skeleton (D:5)
1 creature vanquished.

Grand Total: 137 creatures vanquished

Notes
Turn   | Place    | Note
--------------------------------------------------------------
     0 | D:1      | HungrySpirit, the Hill Orc Gladiator, began the quest for the Orb.
     0 | D:1      | Reached XP level 1. HP: 18/18 MP: 0/0
   263 | D:1      | Reached XP level 2. HP: 23/25 MP: 1/1
   286 | D:1      | Reached skill level 5 in Axes
   821 | D:2      | Reached skill level 1 in Shields
   821 | D:2      | Reached XP level 3. HP: 26/30 MP: 2/2
  1267 | D:2      | Found an ancient bone altar of Kikubaaqudgha.
  1276 | D:2      | Found a sparkling altar of Nemelex Xobeh.
  1457 | D:2      | Became a worshipper of Nemelex Xobeh
  1544 | D:2      | Received a gift from Nemelex Xobeh
  1986 | D:2      | Reached XP level 4. HP: 32/38 MP: 3/3
  2124 | D:3      | Reached skill level 6 in Axes
  2124 | D:3      | Reached XP level 5. HP: 40/44 MP: 4/4
  2248 | D:3      | Noticed Terence
  2259 | D:3      | Killed Terence
  2569 | D:3      | Reached skill level 7 in Axes
  3042 | D:3      | Acquired Nemelex Xobeh's first power
  3159 | D:3      | Reached XP level 6. HP: 36/50 MP: 5/5
  3366 | D:4      | Reached skill level 8 in Axes
  3366 | D:4      | Reached skill level 1 in Evocations
  3588 | D:4      | Received a gift from Nemelex Xobeh
  3781 | D:4      | Found a staircase to the Ecumenical Temple.
  3790 | Temple   | Entered the Ecumenical Temple
  3969 | D:4      | Reached XP level 7. HP: 57/57 MP: 5/8
  4154 | D:5      | Entered Level 5 of the Dungeon
  4159 | D:5      | Acquired Nemelex Xobeh's second power
  4198 | D:5      | Reached skill level 9 in Axes
  4617 | D:5      | Found Coaqulam's General Store.
  4915 | D:5      | Received a gift from Nemelex Xobeh
  4952 | D:5      | Noticed Blork the orc
  4965 | D:5      | Killed Blork the orc
  4965 | D:5      | Reached skill level 10 in Axes
  5177 | D:5      | Reached XP level 8. HP: 63/63 MP: 2/12
  5601 | D:6      | Found a radiant altar of Vehumet.
  5648 | D:6      | Mangled by an ogre

Action                   |  1- 3 |  4- 6 |  7- 9 || total
-------------------------+-------+-------+-------++-------
Melee: Hand axe          |    70 |       |       ||    70
       War axe           |    36 |   201 |   179 ||   416
Invok: Draw One          |       |     7 |     7 ||    14
  Use: Scroll            |       |       |    15 ||    15
